Map: Moonlight Madness LE (Void)

Players

Kinto - Winner!

  • Race: Terran Terran
  • League: Bronze

SticklerMac

  • Race: Zerg Zerg
  • League: Bronze

VOD

Have the link to the VOD?

Description

Time

  • Played on: Aug. 9, 2015, 4:03 p.m.
  • Length: 38:14
Show
View Real Time Build Order
Export as new Build Order

Kinto Terran - Winner!

Build Orders:  

Get SALT Encoding   

  12  0:01  SCV  
  13  0:13  SCV  
  14  0:25  Supply Depot, SCV  
  15  0:44  Refinery  
  15  0:46  SCV  
  16  0:59  SCV  
  16  1:01  Barracks  
  17  1:11  SCV  
  18  1:20  Barracks  
  18  1:22  Refinery  
  18  1:23  SCV  
  19  1:34  Supply Depot  
  19  1:37  SCV  
  20  1:51  Orbital Command  
  20  2:06  Barracks Reactor  
  20  2:10  Barracks Reactor  
  20  2:16  Ghost Academy  
  20  2:17  SCV  
  21  2:30  SCV  
  21  2:32  Supply Depot  
  21  2:42  SCV  
  22  2:44  Marine x2  
  22  2:47  Marine  
  22  2:48  Marine  
  26  2:52  Personal Cloaking  
  26  2:56  Factory  
  26  3:02  Marine x2  
  26  3:03  SCV  
  26  3:05  Marine x2  
  31  3:15  SCV  
  32  3:20  Marine x2  
  32  3:23  Marine x2  
  36  3:27  SCV  
  37  3:38  Marine x2  
  39  3:44  Factory Tech Lab  
  39  3:47  Supply Depot  
  39  4:04  Command Center  
  39  4:08  Marine x2  
  39  4:09  SCV  
  42  4:27  SCV  
  43  4:33  Widow Mine x2  
  43  4:37  Supply Depot  
  47  4:47  Nuke  
  47  4:51  Ghost Academy  
  47  4:58  Combat Shields, Ghost, Marine x2  
  51  5:04  Hellion x2  
  55  5:21  SCV  
  56  5:23  Marine x2  
  56  5:26  Ghost  
  60  5:33  SCV  
  61  5:41  Marine x2  
  63  5:47  Hellion x2  
  67  5:55  Nuke  
  66  6:41  Ghost, Marine x2  
  70  7:14  Command Center  
  70  7:16  Command Center, Bunker  
  70  7:17  Barracks x2  
  70  7:33  Supply Depot  
  70  7:35  Supply Depot  
  70  7:36  SCV, Marine x3  
  74  7:53  Orbital Command  
  74  7:58  Ghost  
  76  8:27  Hellion x2  
  80  8:40  Marauder, Marine  
  76  8:56  Orbital Command  
  76  9:01  Marauder  
  77  9:18  Factory  
  77  9:29  Orbital Command  
  52  10:01  Marine x2  
  52  10:02  Widow Mine, Marauder  
  52  10:03  Widow Mine  
  60  10:10  SCV  
  58  10:19  SCV, Marine  
  59  10:23  Marauder  
  59  10:47  Marine x3  
  62  10:56  Widow Mine x2  
  66  11:04  Marine  
  66  11:05  SCV, Marauder, Marine  
  71  11:17  SCV  
  72  11:21  Orbital Command  
  68  11:27  Marauder  
  68  11:30  Refinery  
  63  11:59  Marine  
  63  12:00  Marine x2  
  66  12:08  Stimpack  
  65  12:14  Orbital Command  
  62  12:17  Marine x2  
  62  12:18  Marauder  
  60  12:40  SCV, Marauder  
  60  12:42  Marine x2  
  60  12:45  Hellion x2  
  60  12:47  Factory Reactor  
  60  12:50  Factory x2  
  53  12:51  SCV  
  53  12:52  SCV  
  52  13:01  Marauder  
  52  13:03  Orbital Command  
  52  13:04  SCV  
  51  13:13  Marine x2  
  51  13:17  Hellion x2  
  49  13:34  Marine x2  
  49  13:35  Marauder  
  53  13:41  Hellion x2  
  51  13:49  Hellion  
  51  13:50  Hellion  
  52  13:56  Marine x2  
  52  13:57  Marauder  
  52  14:00  Hellion  
  56  14:19  SCV x2  
  58  14:25  Hellion x3  
  64  14:31  SCV x2  
  66  14:43  SCV  
  67  15:03  Marine x2  
  67  15:04  Marine  
  70  15:17  Hellion x4  
  78  15:21  Marine  
  78  15:23  SCV x2  
  78  15:28  Nuke  
  81  15:29  Marine  
  81  15:33  Engineering Bay x2  
  82  15:38  Hellion x2  
  82  15:39  Marine  
  87  16:02  Marine x2  
  87  16:04  Marauder  
  91  16:06  Hellion x3  
  91  16:11  Terran Infantry Weapons Level 1  
  97  16:25  Marauder  
  99  16:29  Factory Tech Lab  
  99  16:38  Factory Tech Lab  
  99  16:44  Factory Tech Lab  
  99  16:47  Ghost  
  101  16:56  Factory Tech Lab  
  101  16:57  Supply Depot  
  101  16:58  Supply Depot  
  76  17:42  Marauder, Marine x2  
  80  17:50  Cyclone x2  
  86  17:58  SCV x2  
  88  17:59  Marine  
  88  18:00  SCV  
  90  18:10  SCV  
  90  18:49  Cyclone x3  
  90  18:50  Cyclone  
  90  18:52  Ghost  
  90  18:54  Marine  
  105  18:58  Supply Depot  
  105  18:59  Orbital Command  
  105  19:09  Supply Depot  
  105  19:14  Armory  
  105  19:20  Ghost  
  105  19:21  Cyclone x2  
  52  20:46  Hellion x2  
  52  20:47  Hellion x2  
  60  20:50  SCV x2  
  62  21:07  Hellion  
  62  21:08  Hellion x2  
  62  21:09  Hellion  
  70  21:29  Hellion x3, Marine x3  
  79  21:47  Marine  
  80  22:06  Hellion x4  
  88  22:27  Hellion x2  
  88  22:28  Hellbat x2  
  95  22:48  Hellbat  
  95  22:49  Hellbat x3  
  103  23:10  Hellbat x4  
  111  23:31  Hellbat  
  113  23:41  Marine  
  113  23:42  Marine x2  
  116  23:59  Marine  
  113  25:00  Hellion x3  
  113  25:01  Hellion  
  121  25:18  Orbital Command  
  121  25:21  Hellion  
  111  27:46  Hellion x2  
  111  27:47  Hellion x2  
  115  28:08  Hellion x2  
  117  35:58  Hellion x2  
  117  35:59  Hellion  
  121  36:20  Hellion x3  
  120  37:12  Hellion x4  
  128  37:33  Hellion x2  
Show
View Real Time Build Order
Export as new Build Order

SticklerMac Zerg 

Build Orders:  

Get SALT Encoding   

  12  0:01  Drone  
  13  0:08  Drone  
  14  0:17  Overlord  
  14  0:36  Drone  
  14  0:37  Drone x2  
  17  0:55  Hatchery  
  16  0:57  Drone  
  16  1:01  Drone  
  18  1:08  Drone  
  19  1:19  Drone  
  20  1:30  Hatchery  
  20  1:31  Drone  
  20  1:41  Overlord  
  20  1:52  Drone  
  21  2:02  Overlord  
  21  2:08  Drone  
  21  2:11  Hatchery  
  21  2:13  Drone  
  22  2:19  Drone  
  23  2:23  Drone  
  24  2:32  Drone  
  25  2:38  Drone  
  25  2:43  Drone x2  
  28  2:46  Drone  
  29  2:52  Drone x2  
  29  2:56  Drone  
  32  3:00  Drone  
  32  3:04  Drone  
  34  3:09  Drone  
  35  3:16  Drone x2  
  35  3:17  Drone  
  35  3:19  Hatchery  
  37  3:23  Drone x2  
  37  3:24  Drone  
  40  3:28  Drone  
  40  3:31  Hatchery  
  40  3:33  Drone  
  40  3:34  Drone  
  42  3:38  Drone  
  42  3:39  Drone  
  44  3:45  Drone x2  
  44  3:46  Drone  
  47  3:49  Drone  
  47  3:55  Drone  
  49  3:57  Drone  
  49  3:58  Drone  
  49  4:00  Drone  
  52  4:04  Hatchery  
  52  4:07  Drone x2  
  53  4:10  Drone  
  53  4:11  Hatchery, Drone  
  53  4:14  Hatchery  
  53  4:20  Drone x2  
  53  4:21  Drone  
  53  4:24  Overlord  
  56  4:27  Overlord  
  56  4:31  Drone x2  
  56  4:34  Drone  
  60  4:38  Drone x2  
  61  4:48  Drone x2  
  61  4:49  Drone x4  
  61  4:50  Overlord x2  
  67  4:56  Drone x2  
  67  4:57  Drone  
  70  5:03  Hatchery  
  70  5:06  Hatchery  
  68  5:07  Drone x3  
  68  5:08  Hatchery, Drone  
  68  5:10  Drone x2  
  68  5:11  Drone x2  
  68  5:12  Overlord  
  75  5:18  Drone x4  
  79  5:23  Drone  
  79  5:24  Drone x3  
  79  5:27  Drone x3  
  79  5:28  Drone  
  87  5:31  Drone  
  87  5:33  Drone  
  87  5:34  Drone x2  
  91  5:36  Drone  
  91  5:41  Drone x3  
  95  5:43  Drone x2  
  95  5:44  Drone  
  95  5:45  Drone  
  95  5:46  Drone  
  95  5:49  Overlord x3  
  100  5:54  Drone x2  
  102  5:58  Drone x4  
  102  5:59  Drone x2  
  102  6:00  Hatchery  
  102  6:01  Hatchery  
  102  6:02  Hatchery  
  102  6:03  Hatchery  
  104  6:05  Drone x3  
  104  6:07  Drone x2  
  104  6:09  Drone x2  
  110  6:12  Drone  
  110  6:14  Drone  
  103  6:18  Drone  
  103  6:19  Drone x5  
  103  6:20  Drone x2  
  103  6:23  Drone x2  
  113  6:27  Hatchery  
  113  6:28  Drone x2  
  113  6:29  Drone x3  
  117  6:33  Drone x5  
  117  6:36  Drone x2  
  117  6:37  Drone  
  122  6:41  Drone x4  
  122  6:42  Drone  
  122  6:45  Drone x2  
  122  6:46  Drone  
  130  6:47  Drone x2  
  130  6:48  Drone  
  130  6:49  Drone  
  130  6:52  Drone  
  130  6:53  Hatchery, Drone  
  134  6:56  Drone x2  
  134  6:57  Drone  
  134  6:58  Drone x2  
  134  6:59  Hatchery, Drone x2  
  114  7:01  Drone  
  114  7:02  Drone  
  114  7:06  Drone  
  114  7:07  Drone  
  112  7:10  Drone x2  
  112  7:11  Drone x3  
  112  7:12  Drone  
  112  7:14  Drone x2  
  120  7:15  Drone  
  120  7:16  Drone  
  120  7:18  Drone x2  
  120  7:20  Drone  
  120  7:21  Drone x3  
  128  7:23  Drone x2  
  128  7:24  Drone x3  
  128  7:25  Drone x2  
  128  7:26  Drone x3  
  138  7:33  Drone x5  
  138  7:34  Drone x3  
  140  7:38  Drone x5  
  140  7:39  Drone x2  
  140  7:40  Overlord x2  
  140  7:41  Drone  
  143  7:47  Hatchery  
  143  7:50  Hatchery  
  137  7:53  Hatchery, Drone x3  
  137  7:54  Hatchery, Drone x6  
  137  7:55  Hatchery x2, Drone x6  
  137  7:57  Hatchery  
  140  8:03  Drone x8  
  140  8:04  Drone x4  
  141  8:09  Drone x2  
  141  8:10  Drone x3  
  138  8:13  Drone x2  
  138  8:14  Drone x7  
  138  8:19  Drone x3  
  143  8:20  Hatchery, Drone x6  
  143  8:21  Drone  
  143  8:25  Hatchery, Drone  
  143  8:26  Hatchery, Drone x7  
  149  8:27  Drone  
  136  8:36  Drone x7  
  136  8:37  Drone x3  
  136  8:38  Drone x2  
  136  8:39  Drone x2  
  136  8:40  Drone x7  
  146  8:45  Drone x6  
  140  8:50  Drone x6  
  140  8:51  Drone  
  142  9:00  Drone x5  
  140  9:02  Drone  
  140  9:03  Drone x13  
  140  9:05  Drone x2  
  140  9:06  Drone x3  
  140  9:07  Drone  
  140  9:08  Drone  
  140  9:09  Drone x2  
  160  9:10  Drone x2  
  160  9:11  Drone  
  160  9:13  Drone x2  
  160  9:14  Drone  
  160  9:15  Drone x2  
  168  9:20  Drone x2  
  168  9:21  Drone x2  
  168  9:23  Drone x2  
  169  9:24  Drone x2  
  169  9:25  Drone  
  169  9:28  Drone x2  
  169  9:30  Drone  
  169  9:31  Drone x11  
  173  9:32  Drone x3  
  173  9:36  Drone x2  
  173  9:38  Drone x12  
  187  9:44  Drone x12  
  196  9:49  Drone x8  
  190  9:52  Drone  
  190  9:53  Drone x6  
  160  10:00  Drone x14  
  160  10:04  Drone x7  
  160  10:05  Drone x4  
  160  10:06  Drone x2  
  170  10:11  Drone x8  
  170  10:13  Drone x3  
  172  10:16  Drone x8  
  172  10:20  Drone x7  
  172  10:21  Drone x2  
  188  10:23  Drone x5  
  169  10:31  Drone x14  
  172  10:38  Drone x17  
  173  10:43  Drone x9  
  167  10:56  Drone x21  
  167  10:57  Drone x2  
  188  10:58  Drone  
  190  11:06  Drone x10  
  190  11:07  Drone  
  199  11:13  Drone  
  199  11:18  Drone  
  200  11:22  Drone x9  
  200  11:23  Drone x3  
  167  11:34  Drone x16  
  167  11:35  Drone x23  
  167  11:36  Drone x2  
  185  11:45  Drone x14  
  185  11:46  Drone x2  
  192  11:47  Drone  
  192  11:48  Drone x2  
  192  11:49  Drone  
  192  11:50  Drone x2  
  192  11:51  Drone x2  
  192  11:52  Drone  
  192  11:53  Drone  
  197  12:01  Drone x14  
  195  12:05  Drone x6  
  191  12:12  Drone x11  
  191  12:13  Drone  
  159  12:37  Drone x11  
  159  12:38  Drone x24  
  159  12:39  Drone x5  
  190  12:47  Drone x10  
  190  12:48  Drone x2  
  177  13:02  Drone x16  
  188  13:07  Drone x4  
  188  13:08  Drone x2  
  180  13:31  Drone x17  
  162  13:42  Drone x10  
  162  13:43  Drone x2  
  150  13:53  Drone x3  
  150  13:54  Drone x8  
  142  14:02  Drone x15  
  145  14:03  Drone  
  131  14:11  Drone x9  
  131  14:12  Drone  
  127  14:26  Drone x3  
  127  14:27  Drone x13  
  140  14:39  Drone  
  140  14:40  Drone x14  
  140  14:41  Drone  
  140  14:42  Drone  
  137  14:46  Drone x2  
  137  14:47  Drone x4  
  137  14:48  Drone  
  137  14:49  Drone x2  
  133  14:58  Hatchery  
  122  15:00  Drone x6  
  122  15:01  Drone  
  104  15:19  Drone x17  
  104  15:20  Drone x4  
  104  15:21  Drone  
  122  15:23  Drone x2  
  122  15:24  Drone  
  122  15:33  Drone x4  
  122  15:34  Drone  
  128  15:35  Drone  
  128  15:36  Drone  
  128  15:37  Drone  
  128  15:38  Drone  
  131  15:43  Drone x5  
  131  15:44  Drone  
  131  15:46  Hatchery  
  135  15:53  Drone x2  
  135  15:54  Drone x9  
  146  15:58  Drone x4  
  146  15:59  Drone  
  146  16:01  Drone x2  
  146  16:02  Drone  
  146  16:04  Drone  
  155  16:12  Drone x8  
  155  16:13  Drone x2  
  155  16:15  Drone  
  155  16:16  Drone  
  155  16:17  Drone  
  155  16:18  Drone  
  169  16:19  Drone  
  169  16:20  Drone  
  169  16:21  Drone  
  169  16:23  Drone x2  
  169  16:25  Drone x2  
  176  16:27  Drone x3  
  176  16:29  Drone x2  
  176  16:32  Drone x4  
  185  16:33  Drone  
  185  16:34  Drone  
  172  16:42  Drone x9  
  172  16:43  Drone x3  
  166  16:49  Drone x9  
  166  16:50  Drone x2  
  178  16:54  Drone x5  
  178  16:57  Drone x4  
  178  17:00  Drone x4  
  188  17:06  Drone x8  
  188  17:07  Drone  
  179  17:08  Drone  
  179  17:09  Drone  
  179  17:10  Drone x2  
  179  17:11  Drone  
  179  17:12  Drone  
  168  17:17  Drone x2  
  168  17:18  Drone x6  
  168  17:19  Drone x2  
  168  17:20  Drone  
  168  17:21  Drone x2  
  168  17:22  Drone  
  152  17:27  Drone x6  
  152  17:28  Drone  
  152  17:29  Drone x2  
  131  17:30  Drone  
  131  17:31  Drone x2  
  131  17:33  Drone x2  
  131  17:34  Drone  
  128  17:40  Drone x8  
  135  17:44  Drone x5  
  135  17:45  Drone  
  135  17:47  Drone x3  
  135  17:48  Drone  
  145  17:51  Drone x5  
  145  17:52  Drone  
  145  17:53  Drone  
  145  17:54  Drone  
  145  17:55  Drone  
  145  17:56  Drone  
  155  18:03  Drone x3  
  155  18:04  Drone x2  
  155  18:05  Drone  
  161  18:06  Drone  
  161  18:07  Hatchery, Drone  
  161  18:08  Drone  
  161  18:11  Drone x4  
  166  18:16  Drone x5  
  166  18:19  Drone x4  
  165  18:20  Drone  
  165  18:21  Drone  
  165  18:22  Drone  
  162  18:28  Drone x6  
  162  18:29  Drone  
  162  18:31  Drone x2  
  162  18:32  Drone  
  163  18:35  Drone x2  
  156  18:51  Drone x14  
  156  18:52  Drone  
  161  19:02  Drone x4  
  164  19:03  Drone x6  
  164  19:06  Drone x2  
  164  19:07  Drone  
  164  19:08  Drone  
  164  19:09  Drone  
  170  19:12  Drone x2  
  170  19:13  Drone  
  168  19:27  Drone x11  
  177  19:46  Drone x9  
  177  19:47  Drone x5  
  177  19:51  Drone x3  
  187  19:55  Drone x3  
  187  19:56  Drone x2  
  187  19:57  Drone  
  161  20:01  Drone x2  
  161  20:06  Drone x3  
  145  20:09  Drone  
  128  20:22  Drone x5  
  128  20:23  Drone  
  128  20:25  Drone  
  128  20:27  Drone  
  124  20:29  Drone  
  124  20:31  Drone  
  124  20:32  Drone  
  124  20:34  Drone  
  76  20:37  Drone  
  76  20:38  Drone  
  76  20:41  Drone  
  76  20:42  Drone  
  42  21:14  Hatchery, Drone x5  
  42  21:15  Drone  
  42  21:16  Drone  
  42  21:18  Hatchery, Drone  
  46  21:21  Drone  
  46  21:22  Drone  
  46  21:23  Drone  
  50  21:25  Drone  
  50  21:27  Drone  
  51  21:35  Drone x4  
  51  21:38  Drone  
  58  21:40  Drone  
  58  21:41  Drone  
  58  21:43  Drone  
  58  21:45  Drone  
  57  21:48  Drone x3  
  57  21:50  Drone  
  57  21:53  Drone  
  56  21:57  Drone x3  
  56  21:59  Drone  
  56  22:00  Drone  
  61  22:05  Drone x2  
  63  22:09  Drone x2  
  63  22:10  Drone  
  63  22:11  Drone  
  67  22:17  Drone x3  
  67  22:22  Drone x3  
  72  22:26  Drone x2  
  73  22:32  Drone x3  
  73  22:33  Drone  
  76  22:44  Drone x4  
  76  22:45  Drone  
  76  22:49  Drone x2  
  57  23:06  Drone  
  51  23:21  Drone x3  
  53  23:27  Drone x2  
  55  23:38  Drone x3  
  57  23:44  Hatchery, Drone x3  
  57  23:50  Drone x4  
  58  24:08  Drone x4  
  60  24:11  Drone  
  60  24:13  Hatchery, Drone  
  60  24:16  Drone  
  61  24:20  Drone  
  51  24:28  Drone x6  
  51  24:29  Drone  
  55  24:37  Drone x4  
  47  24:39  Drone  
  47  24:41  Drone  
  47  24:43  Drone  
  43  24:52  Drone x3  
  45  24:53  Drone  
  45  24:55  Drone  
  46  25:00  Drone x3  
  46  25:01  Hatchery  
  38  25:07  Drone x4  
  38  25:09  Drone  
  42  25:15  Drone x3  
  42  25:29  Drone x2  
  42  25:31  Drone  
  42  25:32  Hatchery  
  41  25:47  Hatchery  
  41  25:49  Drone x4  
  42  25:51  Drone  
  42  25:52  Drone  
  42  25:54  Drone  
  42  25:56  Drone  
  46  25:57  Drone  
  46  25:59  Drone  
  46  26:01  Drone  
  46  26:04  Drone x2  
  46  26:06  Drone  
  42  26:22  Drone x3  
  43  26:29  Drone x4  
  47  26:33  Drone  
  47  26:34  Drone  
  47  26:38  Drone x2  
  50  26:46  Drone x3  
  51  26:53  Hatchery  
  48  26:54  Drone  
  45  27:07  Drone x4  
  39  27:17  Drone x3  
  19  27:46  Hatchery  
  19  27:47  Hatchery, Drone x5  
  19  27:50  Drone  
  23  27:53  Drone  
  23  27:57  Hatchery, Drone  
  24  28:01  Drone  
  23  28:10  Drone  
  22  28:24  Drone  
  22  28:38  Drone  
  23  28:45  Drone  
  23  28:48  Hatchery  
  23  29:01  Hatchery  
  22  29:16  Hatchery  
  21  29:43  Drone x2  
  22  30:16  Hatchery  
  21  30:51  Drone x7  
  21  30:52  Hatchery  
  21  30:55  Drone  
  28  31:00  Drone  
  29  31:05  Drone  
  30  31:12  Drone  
  30  31:15  Drone  
  32  31:23  Drone  
  33  31:26  Drone  
  33  31:31  Drone  
  35  31:37  Drone  
  36  31:41  Drone  
  37  31:49  Drone  
  37  31:52  Drone  
  39  31:58  Drone  
  40  32:01  Drone  
  40  32:06  Drone  
  42  32:12  Drone  
  43  32:17  Drone  
  44  32:32  Drone x3  
  47  32:39  Drone  
  47  32:42  Drone  
  13  33:36  Drone x4  
  13  33:41  Drone  
  4  36:00  Hatchery  
  2  37:00  Drone x5  
Tags
 
Add a new tag
Caveats
  • Supply blocks, unpowered buildings, or Contaminate may cause inaccurate times.
  • Supply counts are checked every 10 seconds.